 Dungeon Crawl Stone Soup version 0.29.1-12-g30fa7ad0bf (webtiles) character file.

Game seed: 12935601620853652662

19 112233 the Charlatan (level 2, 0/12 HPs)
             Began as a Felid Artificer on Dec 22, 2022.
             Slain by a bat (1 damage)
             ... on level 1 of the Dungeon.
             The game lasted 00:02:06 (2186 turns).

112233 the Charlatan (Felid Artificer)              Turns: 2186, Time: 00:02:07

Health: 0/12       AC:  1    Str:  8    XL:     2   Next: 55%
Magic:  12/12      EV: 18    Int: 12    God:
Gold:   48         SH:  0    Dex: 16    Spells: 1/1 levels left
                                        Lives:  0   Deaths: 0

rFire   . . .      SeeInvis +   (weapon unavailable)
rCold   . . .      Faith    .   (shield unavailable)
rNeg    . . .      Spirit   .   (body armour unavailable)
rPois   .          Reflect  .   (helmet unavailable)
rElec   .          Harm     .   (cloak unavailable)
rCorr   .          Rampage  .   (gloves unavailable)
Will    .....                   (boots unavailable)
Stlth   ++........              (no amulet)
HPRegen 0.04/turn               d - ring of magical power
MPRegen 0.13/turn               (no ring)

@: hasted, very quick
A: very small, claws 1, fangs 3, see invisible, speed 1, shaggy fur 1, stealthy
paws, no weapons or thrown items, no armour, multi-lived
a: no special abilities


You were on level 1 of the Dungeon.
You visited 1 branch of the dungeon, and saw 3 of its levels.

You collected 72 gold pieces.
You spent 24 gold pieces at shops.

Inventory:

Jewellery
 d - a ring of magical power (left paw)
Wands
 a - a wand of flame (15) (quivered)
 b - a wand of charming (12)
 c - a wand of iceblast (5)
Scrolls
 e - a scroll of poison {unknown}
 g - a scroll of fog {unknown}
 h - a scroll of identify


   Skills:
 + Level 1.5 Fighting
 + Level 3.5 Dodging
 + Level 2.1 Stealth
 + Level 0.2 Unarmed Combat
 + Level 3.5 Evocations


You had one spell level left.
You didn't know any spells.
Your spell library was empty.

Dungeon Overview and Level Annotations

Branches:
Dungeon (3/15)

Altars:

Shops:
D:2 ?


Innate Abilities, Weirdness & Mutations

You have sharp claws.
You have razor-sharp teeth.
You have supernaturally acute eyesight. (SInv)
You cover ground quickly. (Speed+)
You are covered in fur. (AC +1)
Your paws help you pounce on unaware monsters.
You are incapable of wielding weapons or throwing items.
You cannot wear armour.
You gain extra lives every three experience levels.


Message History

The quokka closely misses you.
You scratch the quokka but do no damage.
The quokka misses you.
You miss the quokka. The quokka completely misses you. The quokka bites you.
You open the door.
Found a scroll labelled WECESHE GIRO.
Found 2 scrolls of identify.
There is an open door here.
A frilled lizard comes into view.
The frilled lizard hisses angrily.
Found 2 stones.
A bat comes into view.
Found 3 stones.
The bat misses you.
You see here 3 stones.
You open the door.
A quokka comes into view.
The bat barely misses you. The bat closely misses you.
The quokka closely misses you.
There is an open door here.
You barely miss the quokka. The bat closely misses you.
The quokka barely misses you.
You closely miss the quokka. The bat closely misses you. The quokka misses you.
The bat attacks as you move away! The bat closely misses you. x2
The quokka bites you.
* * * LOW HITPOINT WARNING * * *
The quokka closely misses you. The bat misses you. The bat hits you.
* * * LOW HITPOINT WARNING * * *
It was a potion of haste.
You feel yourself speed up. The bat barely misses you. The quokka misses you.
You open the door. The bat hits you.
* * * LOW HITPOINT WARNING * * *
The quokka closely misses you.
There is an open door here.
The bat barely misses you. The bat hits you.
You die...

...........# ###.#
# ...........#
..... .......g...#
..... ......lr...#
#### ###+#+#r####
#........#
#........#
#........######.###
#.........b@.......
#........######.###
#........#
##.#+##### #. #


You could see a bat.

Vanquished Creatures
  A ball python (D:1)
  5 endoplasms
  A giant cockroach (D:1)
  A goblin (D:1)
  2 kobolds (D:1)
  A quokka (D:1)
  A frilled lizard (D:1)
  3 rats
15 creatures vanquished.

Vanquished Creatures (collateral kills)
  A hobgoblin (D:2)
  A ball python (D:2)
2 creatures vanquished.

Grand Total: 17 creatures vanquished

Notes
Turn   | Place    | Note
-------+----------+-------------------------------------------
     0 | D:1      | 112233 the Felid Artificer began the quest for the Orb.
     0 | D:1      | Reached XP level 1. HP: 9/9 MP: 2/2
   839 | D:1      | Reached XP level 2. HP: 12/12 MP: 3/3
  1453 | D:2      | Found Hodeam's Magic Scroll Emporium.
  1460 | D:2      | Bought a scroll of identify for 24 gold pieces
  2186 | D:1      | Slain by a bat

Illustrated notes

Levels and vault maps discovered:
D:1:      evilmike_arrival_hilbert_curve, layout_basic
D:2:      layout_basic, ebering_ecumenical_altar_sacrificial, serial_shops, shop
D:3:      minmay_chambers_of_twos, layout_basic, uniq_ijyb

Skill      XL: |  1  2 |
---------------+-------+-----
Stealth        | 2 |  2.1
Fighting       | |  1.5
Dodging        | |  3.5
Unarmed Combat | |  0.2
Evocations     | |  3.5

Action                   || total
-------------------------++-------
Melee: Unarmed           ||    63
       Bite              ||    11
Evoke: Wand              ||     3
  Use: Potion            ||     1
 Stab: Sleeping          ||     3
Armor: Skin              ||     2
Dodge: Dodged            ||    81
